[Event "FIDE World Rapid-ch Open 2018"]
[White "Jakovenko, Dmitry"]
[Black "Rakhmanov, Aleksandr"]
[Site "St. Petersburg"]
[Round "6.28"]
[Annotator "ChessBase"]
[Result "1-0"]
[Date "2018.12.27"]
[WhiteElo "2735"]
[BlackElo "2629"]
[PlyCount "73"]
[TimeControl "900+10"]

1. Nf3 d5 2. d4 e6 3. c4 a6 4. cxd5 exd5 5. Nc3 Nf6 6. Qb3 h6 7. Bf4 Bd6 8. Bxd6 Qxd6 9. e3 Nc6 10. Bd3 Rb8 11. h3 Be6 12. Rc1 0-0 13. 0-0 Ne7 14. Na4 c6 15. Qc2 g6 16. Nc5 Nd7 17. b4 Bf5 18. a4 Bxd3 19. Qxd3 Kg7 20. Nxd7 Qxd7 21. b5 axb5 22. axb5 Qd6 23. Rc3 Ra8 24. Rfc1 Ra2 25. Qb1 Rfa8 26. Ne5 Qf6 27. R3c2 Rxc2 28. Rxc2 Qf5 29. Qb2 Rc8 30. bxc6 Nxc6 31. Qxb7 Nxd4 32. Rxc8 Ne2+ 33. Kf1 Ng3+ 34. Ke1 Qxe5 35. fxg3 Qxg3+ 36. Kf1 Qxe3 37. Qxd5 1-0

[Event "FIDE World Rapid-ch Open 2018"]
[White "Jobava, Baadur"]
[Black "Bindrich, Falko"]
[Site "St. Petersburg"]
[Round "6.29"]
[Annotator "ChessBase"]
[Result "1-0"]
[Date "2018.12.27"]
[WhiteElo "2627"]
[BlackElo "2606"]
[PlyCount "91"]
[TimeControl "900+10"]

1. b3 d5 2. Bb2 Bg4 3. f3 Bf5 4. e3 e6 5. Nc3 Nc6 6. Nge2 h6 7. Ng3 Bh7 8. Bb5 Nge7 9. Nce2 a6 10. Bd3 Bxd3 11. cxd3 h5 12. 0-0 h4 13. Nh1 Qd7 14. Nf2 0-0-0 15. a3 Rg8 16. b4 f5 17. Qb3 g5 18. h3 Ng6 19. Rfc1 Bd6 20. Bf6 Rdf8 21. Bxg5 Qg7 22. d4 Nh8 23. f4 Nf7 24. Kh1 Nxg5 25. fxg5 Qxg5 26. Rg1 f4 27. Raf1 Qh5 28. Ng4 fxe3 29. dxe3 Rf5 30. e4 Rxf1 31. Rxf1 Qg5 32. e5 Be7 33. Qd3 Kb8 34. Nf4 Nd8 35. Rf3 Rg7 36. Kh2 Rg8 37. Ne2 Rg7 38. Rf4 Nf7 39. Qf3 Qg6 40. Nf6 Ng5 41. Qh5 a5 42. bxa5 Qxh5 43. Nxh5 Rh7 44. Nf6 Rh8 45. Rg4 Nh7 46. Rxh4 1-0

[Event "FIDE World Rapid-ch Open 2018"]
[White "Inarkiev, Ernesto"]
[Black "Cheparinov, Ivan"]
[Site "St. Petersburg"]
[Round "6.30"]
[Annotator "ChessBase"]
[Result "0-1"]
[Date "2018.12.27"]
[WhiteElo "2693"]
[BlackElo "2709"]
[PlyCount "75"]
[TimeControl "900+10"]

1. c4 e6 2. Nc3 Nf6 3. e4 d5 4. cxd5 exd5 5. e5 Ne4 6. d4 Bb4 7. Qa4+ Nc6 8. Bb5 0-0 9. Nge2 Nxd4 10. Nxd4 c5 11. Nde2 d4 12. 0-0 dxc3 13. a3 Nd2 14. axb4 Nxf1 15. bxc3 a6 16. Qc2 Bf5 17. Qxf5 Qd1 18. Bb2 Rfd8 19. Nd4 Ne3+ 20. Rxd1 Nxf5 21. Bd3 cxd4 22. c4 Ne7 23. f4 Rac8 24. Kf2 b5 25. cxb5 axb5 26. Kf3 Nc6 27. Bxb5 Nxb4 28. Rxd4 Nc2 29. Rd6 Rb8 30. Rxd8+ Rxd8 31. Bc4 Rb8 32. e6 Rxb2 33. exf7+ Kf8 34. g4 Nd4+ 35. Ke4 Nc6 36. g5 Rb4 37. Kd5 Nd8 38. Kd4 0-1

[Event "FIDE World Rapid-ch Open 2018"]
[White "Sarana, Alexey"]
[Black "Morozevich, Alexander"]
[Site "St. Petersburg"]
[Round "6.31"]
[Annotator "ChessBase"]
[Result "1/2-1/2"]
[Date "2018.12.27"]
[WhiteElo "2618"]
[BlackElo "2656"]
[PlyCount "38"]
[TimeControl "900+10"]

1. d4 Nf6 2. c4 c5 3. d5 g6 4. Nc3 Bg7 5. e4 0-0 6. Nf3 d6 7. h3 a6 8. Bd3 b5 9. 0-0 b4 10. Ne2 e5 11. a3 a5 12. Ng3 Nbd7 13. Be3 Qc7 14. Qd2 Ba6 15. Rfc1 Rfb8 16. b3 Qd8 17. axb4 axb4 18. Ra2 Bb7 19. Rca1 Rxa2 1/2-1/2

[Event "FIDE World Rapid-ch Open 2018"]
[White "Matlakov, Maxim"]
[Black "Postny, Evgeny"]
[Site "St. Petersburg"]
[Round "6.32"]
[Annotator "ChessBase"]
[Result "1-0"]
[Date "2018.12.27"]
[WhiteElo "2700"]
[BlackElo "2615"]
[PlyCount "101"]
[TimeControl "900+10"]

1. e4 e5 2. Nf3 Nc6 3. d4 exd4 4. Nxd4 Bb4+ 5. c3 Bc5 6. Be3 Bb6 7. Nf5 Bxe3 8. Nxe3 d6 9. g3 Nge7 10. Bg2 0-0 11. 0-0 Kh8 12. Nd2 f5 13. f4 fxe4 14. Nxe4 Nf5 15. Re1 Nce7 16. Nxf5 Nxf5 17. Ng5 h6 18. Ne6 Bxe6 19. Rxe6 c6 20. Qe2 Rf6 21. Re1 d5 22. Re5 Qb6+ 23. Kh1 Raf8 24. b3 Nd6 25. Qd3 Qa5 26. R1e2 Qa3 27. Qc2 Qa6 28. h4 Nf5 29. Kh2 Qb6 30. Re8 Qc7 31. Qd3 Qf7 32. Rxf8+ Qxf8 33. Re5 Nd6 34. Qe3 a6 35. Bf1 Rf5 36. Re6 Rf6 37. Bd3 Ne4 38. Re5 Nd6 39. h5 Qd8 40. Bg6 Rf8 41. Re7 Ne4 42. Rxb7 Nf6 43. Qe7 Qxe7 44. Rxe7 c5 45. Rc7 c4 46. bxc4 dxc4 47. Rxc4 Rd8 48. Kh3 Kg8 49. Rc7 Kf8 50. Rf7+ Kg8 51. Ra7 1-0

[Event "FIDE World Rapid-ch Open 2018"]
[White "Novikov, Stanislav"]
[Black "Bocharov, Dmitry"]
[Site "St. Petersburg"]
[Round "6.33"]
[Annotator "ChessBase"]
[Result "1-0"]
[Date "2018.12.27"]
[WhiteElo "2540"]
[BlackElo "2533"]
[PlyCount "128"]
[TimeControl "900+10"]

1. e4 c5 2. Nf3 d6 3. d4 cxd4 4. Nxd4 Nf6 5. Nc3 a6 6. Be2 e6 7. 0-0 Nbd7 8. f4 b5 9. Bf3 Bb7 10. a3 Qc7 11. Kh1 Be7 12. Qe2 0-0 13. g4 Nc5 14. g5 Nfd7 15. Bg2 Rfe8 16. Be3 Bf8 17. Rae1 Rac8 18. Qg4 g6 19. f5 Ne5 20. Qh3 Qd7 21. Bc1 Nc6 22. Nxc6 Bxc6 23. f6 a5 24. b4 axb4 25. axb4 Na4 26. Ne2 e5 27. Qh4 Bb7 28. Rf3 Rxc2 29. Rh3 h6 30. gxh6 Kh7 31. Ng1 Rec8 32. Be3 Nc3 33. Bf2 d5 34. Rd3 d4 35. Nh3 Qe8 36. Ng5+ Kh8 37. Bg3 Rc7 38. Nf3 Rc6 39. Nxe5 Re6 40. Rxd4 Ne2 41. Rd8 Nxg3+ 42. hxg3 Rxe5 43. Rxe8 Rxe8 44. Qg5 Bc6 45. Rc1 Rc4 46. Rxc4 bxc4 47. b5 Bd7 48. Qd5 Be6 49. Qd4 Rc8 50. Qc3 Rc5 51. b6 Rh5+ 52. Kg1 Bc5+ 53. Kf1 Bxb6 54. Bf3 Rb5 55. Qa3 Bc5 56. Qa4 Rb2 57. Bg4 Bxg4 58. Qe8+ Kh7 59. Qxf7+ Kxh6 60. Qg7+ Kg5 61. f7 Rf2+ 62. Ke1 Re2+ 63. Kf1 Rxe4 64. f8=Q Bh3# 1-0

[Event "FIDE World Rapid-ch Open 2018"]
[White "Gareyev, Timur"]
[Black "Duda, Jan-Krzysztof"]
[Site "St. Petersburg"]
[Round "6.34"]
[Annotator "RC"]
[Result "0-1"]
[Date "2018.12.27"]
[WhiteElo "2569"]
[BlackElo "2738"]
[PlyCount "82"]
[TimeControl "900+10"]

1. g4 d5 2. Bg2 Bxg4 3. c4 d4 4. Bxb7 Nd7 5. Bxa8 Qxa8 6. f3 e5 7. d3 f5 8. Qa4 Bh5 9. Na3 c6 10. Bd2 Ngf6 11. 0-0-0 Be7 12. Bb4 c5 13. Ba5 0-0 14. Nh3 e4 15. Nf4 Bf7 16. fxe4 fxe4 17. Rhg1 Ne5 18. Bc7 Ng6 19. Qa6 Kh8 20. Nb5 Nxf4 21. Bxf4 Bh5 22. Qe6 Qd8 23. Nxa7 Re8 24. Nc6 Qb6 25. Nxd4 Qa5 26. Rxg7 Bd8 27. Re7 Bxe7 28. Nc6 Qxa2 29. Be5 Qa1+ 30. Kd2 e3+ 31. Ke1 Qa8 32. b4 Rg8 33. Bxf6+ Bxf6 34. Qxf6+ Rg7 35. Ra1 Qxc6 36. Qf8+ Rg8 37. Qf1 cxb4 38. Kd1 Qd6 39. Kc2 Qd4 40. Ra6 Bxe2 41. Qxe2 Qc3+ 0-1

[Event "FIDE World Rapid-ch Open 2018"]
[White "Miton, Kamil"]
[Black "Grachev, Boris"]
[Site "St. Petersburg"]
[Round "6.35"]
[Annotator "ChessBase"]
[Result "1/2-1/2"]
[Date "2018.12.27"]
[WhiteElo "2588"]
[BlackElo "2626"]
[PlyCount "79"]
[TimeControl "900+10"]

1. d4 d5 2. c4 e6 3. Nc3 a6 4. cxd5 exd5 5. Nf3 c6 6. Bf4 Bd6 7. Bxd6 Qxd6 8. e3 Ne7 9. Qb3 Nd7 10. Bd3 0-0 11. 0-0 Ng6 12. Rad1 Nf6 13. e4 dxe4 14. Nxe4 Nxe4 15. Bxe4 Ne7 16. Rfe1 h6 17. d5 cxd5 18. Bxd5 Nxd5 19. Rxd5 Qf6 20. Nd4 Rd8 21. Rxd8+ Qxd8 22. Qb4 a5 23. Qc4 Bg4 24. h3 Rc8 25. Qa4 Bd7 26. Qb3 Qf6 27. Nf3 Bc6 28. Ne5 a4 29. Qc3 Re8 30. Re3 Re6 31. a3 Qg5 32. Nxc6 Rxc6 33. Re8+ Kh7 34. Qd3+ f5 35. Re1 Rc1 36. Rxc1 Qxc1+ 37. Kh2 Qf4+ 38. Kg1 Qc1+ 39. Kh2 Qf4+ 40. Kg1 1/2-1/2

[Event "FIDE World Rapid-ch Open 2018"]
[White "Saric, Ivan"]
[Black "Indjic, Aleksandar"]
[Site "St. Petersburg"]
[Round "6.36"]
[Annotator "ChessBase"]
[Result "1-0"]
[Date "2018.12.27"]
[WhiteElo "2695"]
[BlackElo "2620"]
[PlyCount "141"]
[TimeControl "900+10"]

1. e4 c5 2. Nf3 d6 3. Bb5+ Nd7 4. d4 cxd4 5. Qxd4 a6 6. Be2 Ngf6 7. c4 g6 8. Nc3 Bg7 9. 0-0 0-0 10. Rd1 Qc7 11. Qe3 b6 12. Ng5 h6 13. Nh3 Bb7 14. Bd2 e6 15. Rac1 Rfe8 16. f4 Rad8 17. Nf2 Qb8 18. Qh3 Nc5 19. Bf3 d5 20. cxd5 exd5 21. e5 Nfe4 22. Ncxe4 dxe4 23. Be2 h5 24. b4 Rxd2 25. Rxd2 Ne6 26. Qe3 Nxf4 27. Qxf4 Bxe5 28. Qh4 e3 29. Rd7 exf2+ 30. Qxf2 Bf4 31. Kf1 Bc8 32. Rxf7 Kxf7 33. Rc4 Bf5 34. Qxf4 Qxf4+ 35. Rxf4 Kf6 36. Bxa6 Ra8 37. b5 Rd8 38. Ke1 Ke5 39. Rc4 Be4 40. g3 Rd3 41. Rc7 Ra3 42. Bb7 Kd6 43. Rf7 Ra7 44. Bd5 Rxf7 45. Bxf7 Kc5 46. Kd2 Kxb5 47. Ke3 Bb1 48. Kf4 Kb4 49. Kg5 Ka3 50. Bxg6 Bxa2 51. Bxh5 b5 52. h4 b4 53. Bd1 Bb3 54. Bxb3 Kxb3 55. h5 Kc4 56. h6 b3 57. h7 b2 58. h8=Q b1=Q 59. Qe5 Qh7 60. g4 Qg8+ 61. Kf4 Qf8+ 62. Kg3 Qg8 63. g5 Qh7 64. Qe6+ Kd4 65. g6 Qh6 66. Kg4 Qh1 67. Qf6+ Kd5 68. g7 Qg2+ 69. Kh5 Qh3+ 70. Kg6 Qc8 71. Qf5+ 1-0

[Event "FIDE World Rapid-ch Open 2018"]
[White "Bocharov, Ivan"]
[Black "Predke, Alexandr"]
[Site "St. Petersburg"]
[Round "6.37"]
[Annotator "ChessBase"]
[Result "1/2-1/2"]
[Date "2018.12.27"]
[WhiteElo "2563"]
[BlackElo "2622"]
[PlyCount "60"]
[TimeControl "900+10"]

1. e4 c5 2. Nf3 Nf6 3. Nc3 d5 4. Bb5+ Bd7 5. e5 Bxb5 6. Nxb5 Qd7 7. Qe2 a6 8. Nd6+ exd6 9. exf6+ Qe6 10. fxg7 Bxg7 11. Ng5 Qxe2+ 12. Kxe2 Nc6 13. d3 0-0 14. Nh3 Nd4+ 15. Kd1 Ne6 16. Rb1 Rae8 17. Re1 f5 18. Bf4 Nxf4 19. Nxf4 d4 20. b4 b5 21. Nd5 Kf7 22. bxc5 Rxe1+ 23. Kxe1 dxc5 24. Nc7 Rc8 25. Nxa6 b4 26. a3 Rc6 27. Nb8 Rc8 28. Na6 Rc6 29. Nb8 Rc8 30. Na6 Rc6 1/2-1/2

[Event "FIDE World Rapid-ch Open 2018"]
[White "Demchenko, Anton"]
[Black "Khusnutdinov, Rustam"]
[Site "St. Petersburg"]
[Round "6.38"]
[Annotator "ChessBase"]
[Result "1/2-1/2"]
[Date "2018.12.27"]
[WhiteElo "2679"]
[BlackElo "2470"]
[PlyCount "84"]
[TimeControl "900+10"]

1. e4 e6 2. d4 d5 3. Nd2 c5 4. exd5 Qxd5 5. dxc5 Nf6 6. Ngf3 Qxc5 7. Bd3 Nbd7 8. 0-0 Be7 9. a4 Qc7 10. a5 Nc5 11. Bc4 0-0 12. Qe2 Rd8 13. b3 Bd7 14. Ne5 Be8 15. Bb2 Nd5 16. g3 f6 17. Nef3 Bf7 18. Nd4 Bf8 19. Rfd1 a6 20. c3 e5 21. Nf5 g6 22. Nh4 Bg7 23. b4 Ne6 24. Nhf3 Rac8 25. Rac1 f5 26. Bxd5 Rxd5 27. c4 Rdd8 28. Bxe5 Nd4 29. Bxd4 Bxd4 30. Nxd4 Rxd4 31. Nf3 Rxc4 32. Rxc4 Bxc4 33. Qe3 Bb5 34. Ne5 Qc2 35. Re1 Qc3 36. Qxc3 Rxc3 37. f4 Kf8 38. Rd1 Ke7 39. Rd2 Rb3 40. Rd4 Rb1+ 41. Kg2 Rb2+ 42. Kg1 Rb1+ 1/2-1/2

[Event "FIDE World Rapid-ch Open 2018"]
[White "Ponkratov, Pavel"]
[Black "Christiansen, Johan-Sebastian"]
[Site "St. Petersburg"]
[Round "6.39"]
[Annotator "ChessBase"]
[Result "0-1"]
[Date "2018.12.27"]
[WhiteElo "2630"]
[BlackElo "2555"]
[PlyCount "88"]
[TimeControl "900+10"]

1. g3 e5 2. c4 Nc6 3. Bg2 Bc5 4. Nc3 d6 5. Na4 Nf6 6. a3 0-0 7. d3 Re8 8. Nf3 Bg4 9. h3 Bh5 10. g4 Bg6 11. Nh4 Ne4 12. dxe4 Qxh4 13. e3 a5 14. Qe2 Nb8 15. 0-0 Nd7 16. Bd2 Ba7 17. b4 Nf6 18. f3 axb4 19. axb4 Nd7 20. Ra3 h5 21. Rfa1 Bb8 22. Be1 Qe7 23. Nc3 Rxa3 24. Rxa3 c6 25. Ra1 hxg4 26. hxg4 Bc7 27. Bf1 Bb6 28. Qd3 Nf8 29. Rd1 Ne6 30. Bf2 Rd8 31. Be2 Qg5 32. Kg2 Ra8 33. Qd2 Ra3 34. Qc1 Rb3 35. b5 Bd4 36. exd4 Nf4+ 37. Kf1 Qh6 38. Ke1 Ng2+ 39. Kf1 Qh1+ 40. Bg1 Nf4 41. dxe5 Qg2+ 42. Ke1 Qxg1+ 43. Kd2 Qd4+ 44. Ke1 Ng2+ 0-1

[Event "FIDE World Rapid-ch Open 2018"]
[White "Teske, Henrik"]
[Black "Esipenko, Andrey"]
[Site "St. Petersburg"]
[Round "6.40"]
[Annotator "ChessBase"]
[Result "0-1"]
[Date "2018.12.27"]
[WhiteElo "2483"]
[BlackElo "2593"]
[PlyCount "90"]
[TimeControl "900+10"]

1. Nf3 Nf6 2. c4 e6 3. Nc3 Bb4 4. g3 b6 5. Bg2 Bb7 6. 0-0 Bxc3 7. bxc3 0-0 8. d3 d6 9. e4 c5 10. h3 Nc6 11. Be3 Qc7 12. Qc2 Rfe8 13. Rad1 h6 14. Bc1 Rad8 15. Nh4 a6 16. f4 b5 17. cxb5 axb5 18. g4 Qe7 19. g5 Nh7 20. Qf2 hxg5 21. fxg5 Ne5 22. g6 Nxg6 23. Nxg6 fxg6 24. h4 Rf8 25. Qg3 Rxf1+ 26. Rxf1 Rf8 27. Qxg6 Rxf1+ 28. Kxf1 Nf8 29. Qg3 Qf6+ 30. Ke2 Qxc3 31. Bd2 Qd4 32. Be3 Qb2+ 33. Bd2 c4 34. dxc4 bxc4 35. h5 Ba6 36. Qc3 Qxa2 37. h6 e5 38. Bh3 Qb1 39. Bg2 Qg1 40. Kf3 Ng6 41. Kg3 Nh4 42. Kxh4 Qxg2 43. hxg7 Qxe4+ 44. Kg5 Bc8 45. Qg3 Qf5+ 0-1

[Event "FIDE World Rapid-ch Open 2018"]
[White "Geller, Jakov"]
[Black "Grigoriants, Sergey"]
[Site "St. Petersburg"]
[Round "6.41"]
[Annotator "ChessBase"]
[Result "1/2-1/2"]
[Date "2018.12.27"]
[WhiteElo "2518"]
[BlackElo "2540"]
[PlyCount "48"]
[TimeControl "900+10"]

1. e4 e5 2. Nf3 Nc6 3. Bc4 Bc5 4. d3 Nf6 5. 0-0 0-0 6. Re1 a6 7. c3 d6 8. Bb3 h6 9. Nbd2 Re8 10. Nf1 Bb6 11. Ng3 Be6 12. Bxe6 Rxe6 13. Nh4 d5 14. Qf3 Nxe4 15. dxe4 Qxh4 16. exd5 Rf6 17. Nf5 Qxf2+ 18. Qxf2 Bxf2+ 19. Kxf2 Rxf5+ 20. Kg1 Ne7 21. g4 Rf6 22. Rxe5 Ng6 23. Re4 Rd8 24. g5 Rf5 1/2-1/2

[Event "FIDE World Rapid-ch Open 2018"]
[White "Mchedlishvili, Mikheil"]
[Black "AL-Sayed, Mohammed"]
[Site "St. Petersburg"]
[Round "6.42"]
[Annotator "ChessBase"]
[Result "1/2-1/2"]
[Date "2018.12.27"]
[WhiteElo "2610"]
[BlackElo "2484"]
[PlyCount "152"]
[TimeControl "900+10"]

1. c4 c6 2. Nf3 d5 3. g3 Bg4 4. Bg2 e6 5. Qb3 Qb6 6. Qc2 Nd7 7. b3 Be7 8. Bb2 Bf6 9. Nc3 Ne7 10. 0-0 0-0 11. d3 Rfd8 12. Rac1 h6 13. e3 Rac8 14. h3 Bh5 15. d4 Qa6 16. Qe2 c5 17. cxd5 Qxe2 18. Nxe2 Nxd5 19. Ba3 cxd4 20. Nfxd4 N7b6 21. g4 Bg6 22. Rfd1 Bxd4 23. Rxd4 Rxc1+ 24. Bxc1 Rc8 25. Rd2 f6 26. Ba3 a5 27. Nd4 Bf7 28. Nb5 a4 29. Nd6 Rc7 30. bxa4 Nxa4 31. Nxf7 Kxf7 32. Bxd5 exd5 33. Rxd5 Nc3 34. Rd2 Nb1 35. Rd3 Nxa3 36. Rxa3 Rc2 37. Kg2 Kg6 38. Ra7 Rb2 39. Ra5 b6 40. Ra7 h5 41. gxh5+ Kh6 42. Kg3 Rb5 43. Rb7 Rb2 44. a4 Rb4 45. Ra7 Rb2 46. f3 Ra2 47. e4 b5 48. a5 b4 49. a6 b3 50. Kg4 Rg2+ 51. Kf4 Ra2 52. Rb7 Rxa6 53. Rxb3 Kxh5 54. Kf5 Ra5+ 55. Ke6 Kg6 56. f4 Ra6+ 57. Kd5 Ra5+ 58. Kc6 Ra4 59. Kd5 Ra5+ 60. Kd4 Ra4+ 61. Ke3 Ra7 62. Kf3 Kh5 63. Ke3 g5 64. f5 Kh4 65. Kd4 Rd7+ 66. Kc5 g4 67. hxg4 Kxg4 68. Rb6 Kf4 69. Rd6 Re7 70. Re6 Rd7 71. Re8 Rd1 72. Re6 Rd8 73. Kc6 Rd4 74. Rxf6 Kxe4 75. Rf8 Ke5 76. f6 Rd6+ 1/2-1/2

[Event "FIDE World Rapid-ch Open 2018"]
[White "Maghsoodloo, Parham"]
[Black "Alekseenko, Kirill"]
[Site "St. Petersburg"]
[Round "6.43"]
[Annotator "ChessBase"]
[Result "1/2-1/2"]
[Date "2018.12.27"]
[WhiteElo "2688"]
[BlackElo "2638"]
[PlyCount "88"]
[TimeControl "900+10"]

1. Nf3 d5 2. b3 c5 3. e3 Nf6 4. Bb5+ Bd7 5. a4 g6 6. Ba3 Bxb5 7. axb5 Nbd7 8. Bb2 Bg7 9. 0-0 0-0 10. c4 e6 11. Qc2 Qc7 12. Nc3 d4 13. exd4 cxd4 14. Ne2 e5 15. d3 Nc5 16. Ng3 Ne6 17. Rfe1 Nd5 18. Qd2 Ndf4 19. b4 f5 20. Qd1 b6 21. Bc1 Rae8 22. Qb3 Kh8 23. Ra2 Qb7 24. Bxf4 Nxf4 25. c5 Bf6 26. c6 Qg7 27. Nd2 h5 28. Ne2 Ne6 29. Nc4 Re7 30. Kh1 e4 31. dxe4 fxe4 32. Ng3 e3 33. fxe3 Ng5 34. Rae2 h4 35. Nf1 Rfe8 36. Qd3 h3 37. exd4 hxg2+ 38. Kxg2 Qf7 39. Rxe7 Qd5+ 40. Kg3 Bxe7 41. Re5 Bd6 42. Nxd6 Rxe5 43. Qxg6 Qf3+ 44. Kh4 Qh3# {[%emt 0:0:2] c7} 1/2-1/2

[Event "FIDE World Rapid-ch Open 2018"]
[White "Pershin, Denis"]
[Black "Potkin, Vladimir"]
[Site "St. Petersburg"]
[Round "6.44"]
[Annotator "ChessBase"]
[Result "1/2-1/2"]
[Date "2018.12.27"]
[WhiteElo "2400"]
[BlackElo "2597"]
[PlyCount "111"]
[TimeControl "900+10"]

1. Nf3 d5 2. e3 Nf6 3. c4 e6 4. b3 Be7 5. Bb2 0-0 6. Nc3 dxc4 7. Bxc4 a6 8. d4 b5 9. Bd3 Bb7 10. 0-0 c5 11. dxc5 Bxc5 12. Rc1 Nbd7 13. Qe2 Qe7 14. Ng5 Rac8 15. Nce4 Nxe4 16. Bxe4 Bxe4 17. Nxe4 Ba3 18. Qd2 Bxb2 19. Qxb2 Nf6 20. Nxf6+ Qxf6 21. Qa3 e5 22. Rxc8 Rxc8 23. Rc1 Rd8 24. Qa5 g6 25. h3 e4 26. a4 bxa4 27. bxa4 Kg7 28. Qb4 Qe5 29. Qb7 a5 30. g3 Rd2 31. Qc7 Qf6 32. Qf4 Qxf4 33. gxf4 Ra2 34. Rc4 f5 35. h4 Kh6 36. Kg2 Kh5 37. Kg3 Ra1 38. Rd4 Rg1+ 39. Kh2 Rf1 40. Kg3 Ra1 41. Rc4 h6 42. Rd4 Rg1+ 43. Kh2 Rb1 44. Rd5 Kxh4 45. Rxa5 Kg4 46. Kg2 g5 47. fxg5 hxg5 48. Re5 Ra1 49. a5 Ra2 50. Kg1 Ra1+ 51. Kg2 Ra2 52. Kg1 Ra4 53. Kg2 f4 54. exf4 gxf4 55. Rxe4 Rxa5 56. f3+ 1/2-1/2

[Event "FIDE World Rapid-ch Open 2018"]
[White "Fedoseev, Vladimir"]
[Black "Vokhidov, Shamsiddin"]
[Site "St. Petersburg"]
[Round "6.45"]
[Annotator "ChessBase"]
[Result "1-0"]
[Date "2018.12.27"]
[WhiteElo "2719"]
[BlackElo "2480"]
[PlyCount "71"]
[TimeControl "900+10"]

1. e4 e5 2. Nf3 Nc6 3. Bb5 Nf6 4. 0-0 Nxe4 5. Re1 Nd6 6. Nxe5 Nxe5 7. Rxe5+ Be7 8. Bf1 0-0 9. d4 Bf6 10. Re2 b6 11. Re1 Bb7 12. Bf4 Ne4 13. Nd2 Re8 14. c3 d6 15. Bb5 Re7 16. Nxe4 Bxe4 17. d5 Bf5 18. Bc6 Rb8 19. Qa4 a5 20. Bd2 Bd7 21. Rxe7 Bxc6 22. Qxc6 Bxe7 23. Re1 b5 24. Be3 h6 25. Ba7 Ra8 26. Rxe7 Qxe7 27. Qxa8+ Kh7 28. Be3 Qe4 29. h3 Qb1+ 30. Kh2 Qxa2 31. Qa6 b4 32. cxb4 a4 33. Qd3+ Kg8 34. Qa3 Qxd5 35. Qxa4 Qe5+ 36. g3 1-0

[Event "FIDE World Rapid-ch Open 2018"]
[White "Shinkevich, Vitaly"]
[Black "Amonatov, Farrukh"]
[Site "St. Petersburg"]
[Round "6.46"]
[Annotator "ChessBase"]
[Result "0-1"]
[Date "2018.12.27"]
[WhiteElo "2439"]
[BlackElo "2614"]
[PlyCount "88"]
[TimeControl "900+10"]

1. d4 Nf6 2. Nf3 g6 3. c4 Bg7 4. g3 0-0 5. Bg2 d6 6. Nc3 Nbd7 7. 0-0 e5 8. e3 c6 9. b3 Re8 10. a4 a5 11. Ba3 Bf8 12. Rc1 exd4 13. exd4 Ne4 14. Nxe4 Rxe4 15. Bb2 Nf6 16. d5 c5 17. Qd2 Bg7 18. Bc3 Bg4 19. Qb2 Ne8 20. Bxg7 Nxg7 21. Nd2 Re2 22. h3 Qg5 23. Ne4 Rxb2 24. Nxg5 Bf5 25. g4 Bc2 26. Rfe1 h6 27. Nxf7 Kxf7 28. Re2 Rxb3 29. Rcxc2 Re8 30. Rxe8 Nxe8 31. f4 Rb4 32. g5 h5 33. f5 gxf5 34. h4 Rxa4 35. Bf3 Ng7 36. Kf2 Rb4 37. Be2 a4 38. Ra2 Kg6 39. Ke3 b5 40. cxb5 Rxh4 41. Rb2 a3 42. Ra2 Ra4 43. b6 Rb4 44. Rxa3 Rxb6 {[%emt 0:0:0] Kd4} 0-1

[Event "FIDE World Rapid-ch Open 2018"]
[White "Reshetnikov, Alexey"]
[Black "Riazantsev, Alexander"]
[Site "St. Petersburg"]
[Round "6.47"]
[Annotator "ChessBase"]
[Result "0-1"]
[Date "2018.12.27"]
[WhiteElo "2492"]
[BlackElo "2649"]
[PlyCount "32"]
[TimeControl "900+10"]

1. Nf3 d5 2. e3 Nf6 3. c4 e6 4. Nc3 Bd6 5. d4 b6 6. Bd3 Bb7 7. 0-0 0-0 8. b3 Nbd7 9. cxd5 exd5 10. Nb5 Be7 11. Ba3 c5 12. Rc1 Re8 13. Nc3 a6 14. dxc5 bxc5 15. Na4 Rc8 16. Qe2 c4 0-1

[Event "FIDE World Rapid-ch Open 2018"]
[White "Dreev, Aleksey"]
[Black "Kryakvin, Dmitry"]
[Site "St. Petersburg"]
[Round "6.48"]
[Annotator "ChessBase"]
[Result "1-0"]
[Date "2018.12.27"]
[WhiteElo "2670"]
[BlackElo "2588"]
[PlyCount "77"]
[TimeControl "900+10"]

1. d4 g6 2. Nf3 Bg7 3. g3 c5 4. e3 cxd4 5. exd4 Nf6 6. Bg2 d5 7. 0-0 0-0 8. Re1 Nc6 9. c3 Bf5 10. Bf4 Ne4 11. Nh4 Be6 12. Nd2 Nxd2 13. Qxd2 Qd7 14. Bh6 Bh3 15. Bh1 Rae8 16. Bxg7 Kxg7 17. Re3 g5 18. Nf3 f6 19. Ne1 b6 20. Rc1 Be6 21. Nd3 Bf7 22. Rce1 e6 23. f4 h6 24. Bg2 Ne7 25. Bh3 Nf5 26. R3e2 Bh5 27. Rf2 Bg6 28. Rff1 Nd6 29. Nf2 Bf5 30. Bg2 g4 31. h3 gxh3 32. Bf3 Bg6 33. Kh2 Nc4 34. Qc1 e5 35. fxe5 fxe5 36. Ng4 Kg8 37. Qxh6 Re6 38. Bxd5 Rxf1 39. Rxf1 1-0

[Event "FIDE World Rapid-ch Open 2018"]
[White "Najer, Evgeniy"]
[Black "Baron, Tal"]
[Site "St. Petersburg"]
[Round "6.49"]
[Annotator "ChessBase"]
[Result "1-0"]
[Date "2018.12.27"]
[WhiteElo "2670"]
[BlackElo "2532"]
[PlyCount "61"]
[TimeControl "900+10"]

1. e4 c5 2. Nf3 Nc6 3. Bb5 g6 4. 0-0 Bg7 5. c3 Nf6 6. Qa4 0-0 7. Re1 Qb6 8. Na3 a6 9. Bf1 Qa7 10. Qd1 Rd8 11. Nc2 e5 12. d4 exd4 13. e5 Ng4 14. Bf4 dxc3 15. bxc3 d5 16. exd6 Bxc3 17. h3 Nf6 18. Re3 Bxa1 19. Qxa1 Nd4 20. Ncxd4 cxd4 21. Nxd4 Qc5 22. Nb3 Qf5 23. Be5 Ne8 24. Nc5 f6 25. Bd3 Qg5 26. f4 Qh5 27. Bc4+ Kg7 28. Bxf6+ Nxf6 29. Re7+ Kh6 30. Qxf6 Qxc5+ 31. Kh2 1-0

[Event "FIDE World Rapid-ch Open 2018"]
[White "Popov, Ivan"]
[Black "Pantsulaia, Levan"]
[Site "St. Petersburg"]
[Round "6.50"]
[Annotator "ChessBase"]
[Result "0-1"]
[Date "2018.12.27"]
[WhiteElo "2592"]
[BlackElo "2597"]
[PlyCount "86"]
[TimeControl "900+10"]

1. e4 c6 2. d4 d5 3. Nc3 a6 4. Nf3 Bg4 5. h3 Bh5 6. exd5 cxd5 7. g4 Bg6 8. h4 f6 9. h5 Bf7 10. g5 Nc6 11. Bf4 e6 12. Qd2 Rc8 13. 0-0-0 Bb4 14. a3 Ba5 15. Qe3 Nge7 16. Bh3 Bxc3 17. Qxc3 Na5 18. Qe1 Bxh5 19. Bxe6 Bxf3 20. Bxc8 Bxh1 21. gxf6 gxf6 22. Bf5 Bf3 23. Rd3 Bh5 24. Qe6 Bg6 25. Qxf6 Rf8 26. Bxg6+ hxg6 27. Qg5 Qb6 28. Re3 Qf6 29. Qxd5 Qxf4 30. Qxa5 Qxd4 31. Qc7 Qd7 32. Qb8+ Kf7 33. Qe5 Nf5 34. Rh3 Ng7 35. Rc3 Rc8 36. Rf3+ Kg8 37. Qf6 Qe6 38. Qxe6+ Nxe6 39. Rf6 Nf8 40. Rb6 Rc7 41. Kd2 Kf7 42. b4 Nd7 43. Rd6 Ne5 0-1

[Event "FIDE World Rapid-ch Open 2018"]
[White "Adly, Ahmed"]
[Black "Ghaem Maghami, Ehsan"]
[Site "St. Petersburg"]
[Round "6.51"]
[Annotator "ChessBase"]
[Result "1/2-1/2"]
[Date "2018.12.27"]
[WhiteElo "2626"]
[BlackElo "2537"]
[PlyCount "87"]
[TimeControl "900+10"]

1. d4 Nf6 2. Nf3 d5 3. g3 c6 4. Bg2 Bf5 5. 0-0 e6 6. c4 Nbd7 7. Nc3 dxc4 8. Nh4 Bg4 9. h3 Bh5 10. g4 Nd5 11. gxh5 Qxh4 12. e4 Nf4 13. Bxf4 Qxf4 14. e5 Be7 15. Re1 0-0 16. Re4 Qh6 17. Qe2 Nb6 18. Nd1 c5 19. Ne3 Kh8 20. Nxc4 Nxc4 21. Qxc4 cxd4 22. Qc7 Bd8 23. Qxb7 Bb6 24. a4 Rab8 25. Qe7 Rfe8 26. Qh4 Bd8 27. Qg4 Rxb2 28. Rxd4 f5 29. exf6 Bxf6 30. Rdd1 Rxf2 31. Kxf2 Bxa1 32. Kg1 Bf6 33. Kh1 Qe3 34. Qe4 Qxe4 35. Bxe4 Rd8 36. Rxd8+ Bxd8 37. Kg2 Kg8 38. Kf3 h6 39. Bg6 Kf8 40. Bc2 Ke7 41. Bb3 Kf6 42. Kg4 Ke5 43. Ba2 Be7 44. Bb3 1/2-1/2

[Event "FIDE World Rapid-ch Open 2018"]
[White "Amin, Bassem"]
[Black "Belozerov, Andrei"]
[Site "St. Petersburg"]
[Round "6.52"]
[Annotator "ChessBase"]
[Result "1/2-1/2"]
[Date "2018.12.27"]
[WhiteElo "2710"]
[BlackElo "2528"]
[PlyCount "99"]
[TimeControl "900+10"]

1. Nf3 d5 2. g3 Bg4 3. Bg2 Nd7 4. 0-0 Ngf6 5. d3 c6 6. Nbd2 e5 7. e4 Bd6 8. h3 Bh5 9. exd5 cxd5 10. c4 0-0 11. cxd5 Nxd5 12. Qb3 N5f6 13. Nc4 Nc5 14. Qa3 Re8 15. Nxd6 Qxd6 16. Be3 Rac8 17. Rac1 b6 18. d4 exd4 19. Nxd4 Nd5 20. Nb5 Qd7 21. Bxc5 Qxb5 22. Bxd5 bxc5 23. Qxa7 Red8 24. Bb3 c4 25. Qa4 Qf5 26. Rxc4 Rxc4 27. Qxc4 Qxh3 28. Qh4 Qxh4 29. gxh4 Rd2 30. Rc1 Kf8 31. Rc2 Rd4 32. Rc4 Rd2 33. Rc8+ Ke7 34. Rc5 g6 35. Rc7+ Kd6 36. Rxf7 Rxb2 37. Rxh7 Ke5 38. Rc7 Bf3 39. Re7+ Kf4 40. Rf7+ Ke4 41. Re7+ Kf4 42. Re1 Kg4 43. Rc1 Kxh4 44. Be6 g5 45. a4 g4 46. a5 Rb5 47. a6 Ra5 48. Bc8 Be2 49. Kg2 Bxa6 50. Bxa6 1/2-1/2